 Dungeon Crawl Stone Soup version bcrawl-1.23.1-30-gcf7fa35852 (webtiles) character file.

Game seed: 15277120516618234868

245 pasperui the Ducker (level 6, -6/53 HPs)
             Began as a Gnoll Reaver on May 29, 2020.
             Was a Believer of Vehumet.
             Killed from afar by a kobold (18 damage)
             ... with a wand of acid (4)
             ... on level 4 of the Dungeon.
             The game lasted 00:06:28 (2698 turns).

pasperui the Ducker (Gnoll Reaver)                  Turns: 2698, Time: 00:06:28

Health: -6/53      AC:  5    Str: 14 (15) XL:     6   Next: 10%
Magic:  8/13       EV: 14    Int: 14 (16) God:    Vehumet [**....]
Gold:   248        SH:  8    Dex: 11 (14) Spells: 14/15 levels left

rFire    . . .     SeeInvis .   a - +0 long sword
rCold    . . .     Gourm    .   t - +2 buckler
rNeg     . . .     Faith    .   b - +0 steam dragon scales
rPois    .         Spirit   .   (no helmet)
rElec    .         Reflect  .   (no cloak)
rCorr    .         Harm     .   (no gloves)
MR       .....                  (no boots)
Stlth    ++........             (no amulet)
HPRegen  0.17/turn              (no ring)
MPRegen  0.13/turn              (no ring)

@: no status effects
A: distributed training, fangs 1, strong nose
a: Renounce Religion


You were on level 4 of the Dungeon.
You worshipped Vehumet.
Vehumet was pleased with you.
You were not hungry.

You visited 1 branch of the dungeon, and saw 4 of its levels.

You collected 248 gold pieces.

Inventory:

Hand Weapons
 a - a +0 long sword (weapon)
 y - a +0 spear
Missiles
 f - 1913 stones (quivered)
 h - 264 poisoned needles
 l - 257 arrows
 o - 47 needles of confusion
 u - 191 sling bullets
 w - 168 bolts
Armour
 b - +0 steam dragon scales (worn)
 t - a +2 buckler (worn)
Jewellery
 v - an uncursed ring of see invisible {unknown}
Scrolls
 d - a scroll of immolation
 g - 7 scrolls of identify {unknown}
 i - a scroll of enchant weapon {unknown}
 j - a scroll of fear {unknown}
 k - a scroll of enchant armour {unknown}
 r - a scroll of noise {unknown}
 s - 2 scrolls of teleportation {unknown}
Potions
 m - a potion of degeneration
 n - a potion of mutation {unknown}
 p - a potion of lignification {unknown}
 q - a potion of curing
 z - a potion of flight {unknown}
Comestibles
 e - 9 rations {!d}
 x - 2 chunks of flesh


   Skills:
 + Level 6.7 Fighting
 + Level 1.7 Short Blades
 + Level 6.7 Long Blades
 + Level 1.7 Axes
 + Level 1.7 Maces & Flails
 + Level 1.7 Polearms
 + Level 1.7 Staves
 + Level 1.7 Slings
 + Level 1.7 Bows
 + Level 1.7 Crossbows
 + Level 1.7 Throwing
 + Level 1.7 Armour
 + Level 6.7 Dodging
 + Level 1.7 Stealth
 + Level 1.7 Shields
 + Level 1.7 Unarmed Combat
 + Level 5.3 Spellcasting
 + Level 1.3 Conjurations
 + Level 1.3 Hexes
 + Level 1.3 Charms
 + Level 1.3 Summonings
 + Level 1.3 Necromancy
 + Level 1.3 Translocations
 + Level 1.3 Transmutations
 + Level 1.3 Fire Magic
 + Level 1.3 Ice Magic
 + Level 1.3 Air Magic
 + Level 1.3 Earth Magic
 + Level 1.3 Poison Magic
 + Level 2.0 Invocations
 + Level 1.7 Evocations


You had 14 spell levels left.
You knew the following spells:

 Your Spells              Type           Power        Failure   Level  Hunger
a - Sandblast             Erth           #.....       6%          1    None

Your spell library contained the following spells:

 Spells                   Type           Power        Failure   Level  Hunger
 Throw Frost              Conj/Ice       #.....       3%          2    ##.....
 Iskenderun's Battlesphe  Conj/Chrm      #.......     80%         5    ######.


Dungeon Overview and Level Annotations

Branches:
Dungeon (4/12)
 Temple: D:4-7

Altars:
Xom
Yredelemnul

Annotations:
D:4 dscm's ghost, amateur KoFi


Innate Abilities, Weirdness & Mutations

Your experience applies equally to all skills.
You have very sharp teeth.
Your uncanny sense of smell can sniff out nearby items.


Message History

You closely miss dscm's ghost.
You bite dscm's ghost, but do no damage.
Dscm's ghost is heavily damaged.
Dscm's ghost hits you!
* * * LOW HITPOINT WARNING * * *
Unknown command.
Casting: Sandblast (safe; 6% risk of failure)
Confirm with . or Enter, or press ? or * to list all spells.
Aiming: Sandblast (safe; 6% risk of failure)
Press: ? - help, Shift-Dir - straight line, f/p - dscm's ghost
Aim: dscm's ghost (heavily damaged)
The blast of sand hits dscm's ghost but does no damage.
Dscm's ghost is heavily damaged.
f - 1913 stones You block dscm's ghost's attack.
The kobold zaps a wand.
The bolt of acid hits the kobold!!
The kobold is splashed with acid.
The acid corrodes the kobold!
The kobold dies!
The bolt of acid hits you!!
You die...

#.### #.#.# #.
#######^#.###.#.
........#.......## ∆
#######...# ..#
.##P⌠≈##..######.####
##.....#..#.........
#..###KK..#.......#
#=....K'..#...K)@.#
#).###.K..#÷K...W.#
##.....#.K#K####.##
###P⌠≈##.K.KKK.K.#
#.#####..#########
#.....#........#
###.#.########.#
...<..###### ∆
............ ∆


You could see a big kobold, dscm's ghost and 3 kobolds.

Vanquished Creatures
  Natasha (twice) (D:3 D:4)
  A worker ant (D:2)
  Robin (D:2)
  4 gnolls (D:3)
  2 adders
  An ooze (D:2)
  3 worms (D:2)
  3 dart slugs
  5 leopard geckos
  4 giant cockroaches
  14 goblins
  8 hobgoblins
  10 jackals
  7 kobolds
  A quokka (D:2)
  A ball python (D:1)
  4 bats
  A frilled lizard (D:2)
  10 rats
82 creatures vanquished.

Vanquished Creatures (others)
  A kobold (D:4)
  A fungus (D:4)
  A plant (D:4)
3 creatures vanquished.

Grand Total: 85 creatures vanquished

Notes
Turn   | Place    | Note
-------+----------+-------------------------------------------
     0 | D:1      | pasperui the Gnoll Reaver began the quest for the Orb.
     0 | D:1      | Reached XP level 1. HP: 23/23 MP: 6/6
    16 | D:1      | Noticed a minotaur skeleton
   308 | D:1      | Reached XP level 2. HP: 29/29 MP: 7/7
   775 | D:2      | Reached XP level 3. HP: 35/35 MP: 9/9
   796 | D:2      | Reached skill level 5 in Spellcasting
   801 | D:2      | Noticed Robin
   830 | D:2      | Reached * piety under Vehumet
   830 | D:2      | Offered knowledge of Sandblast by Vehumet.
   845 | D:2      | Killed Robin
   845 | D:2      | Reached skill level 1 in Invocations
   850 | D:2      | Reached skill level 1 in Short Blades
   850 | D:2      | Reached skill level 1 in Axes
   850 | D:2      | Reached skill level 1 in Maces & Flails
   850 | D:2      | Reached skill level 1 in Polearms
   850 | D:2      | Reached skill level 1 in Staves
   850 | D:2      | Reached skill level 1 in Slings
   850 | D:2      | Reached skill level 1 in Bows
   850 | D:2      | Reached skill level 1 in Crossbows
   850 | D:2      | Reached skill level 1 in Throwing
   850 | D:2      | Reached skill level 1 in Armour
   850 | D:2      | Reached skill level 1 in Stealth
   850 | D:2      | Reached skill level 1 in Shields
   850 | D:2      | Reached skill level 1 in Unarmed Combat
   850 | D:2      | Reached skill level 1 in Evocations
   906 | D:2      | Reached XP level 4. HP: 29/41 MP: 11/11
  1038 | D:2      | Learned a level 1 spell: Sandblast
  1201 | D:2      | Reached skill level 1 in Conjurations
  1201 | D:2      | Reached skill level 1 in Hexes
  1201 | D:2      | Reached skill level 1 in Charms
  1201 | D:2      | Reached skill level 1 in Summonings
  1201 | D:2      | Reached skill level 1 in Necromancy
  1201 | D:2      | Reached skill level 1 in Translocations
  1201 | D:2      | Reached skill level 1 in Transmutations
  1201 | D:2      | Reached skill level 1 in Fire Magic
  1201 | D:2      | Reached skill level 1 in Ice Magic
  1201 | D:2      | Reached skill level 1 in Air Magic
  1201 | D:2      | Reached skill level 1 in Earth Magic
  1201 | D:2      | Reached skill level 1 in Poison Magic
  1382 | D:2      | Reached XP level 5. HP: 44/47 MP: 12/12
  1758 | D:3      | Found a basalt altar of Yredelemnul.
  1868 | D:3      | Offered knowledge of Throw Frost by Vehumet.
  1922 | D:3      | Reached ** piety under Vehumet
  1961 | D:3      | Noticed Natasha
  1968 | D:3      | Killed Natasha
  2274 | D:3      | Found a shimmering altar of Xom.
  2274 | D:3      | Found a shimmering altar of Xom.
  2275 | D:3      | Found a shimmering altar of Xom.
  2275 | D:3      | Found a shimmering altar of Xom.
  2275 | D:3      | Found a shimmering altar of Xom.
  2276 | D:3      | Found a shimmering altar of Xom.
  2559 | D:4      | Found a runed translucent gate.
  2559 | D:4      | Found a runed translucent gate.
  2559 | D:4      | Found a runed translucent gate.
  2559 | D:4      | Noticed Natasha
  2560 | D:4      | Noticed a big kobold
  2560 | D:4      | Noticed a big kobold
  2561 | D:4      | Noticed dscm's ghost (amateur KoFi)
  2582 | D:4      | Killed Natasha
  2582 | D:4      | Reached XP level 6. HP: 47/53 MP: 11/13
  2698 | D:4      | Killed from afar by a kobold

Skill      XL: |  1  2  3  4  5 |
---------------+----------------+-----
Spellcasting   | 5 |  5.3
Invocations    | 1 2 |  2.0
Short Blades   | 1 |  1.7
Axes           | 1 |  1.7
Maces & Flails | 1 |  1.7
Polearms       | 1 |  1.7
Staves         | 1 |  1.7
Slings         | 1 |  1.7
Bows           | 1 |  1.7
Crossbows      | 1 |  1.7
Throwing       | 1 |  1.7
Armour         | 1 |  1.7
Stealth        | 1 |  1.7
Shields        | 1 |  1.7
Unarmed Combat | 1 |  1.7
Evocations     | 1 |  1.7
Conjurations   | 1 |  1.3
Hexes          | 1 |  1.3
Charms         | 1 |  1.3
Summonings     | 1 |  1.3
Necromancy     | 1 |  1.3
Translocations | 1 |  1.3
Transmutations | 1 |  1.3
Fire Magic     | 1 |  1.3
Ice Magic      | 1 |  1.3
Air Magic      | 1 |  1.3
Earth Magic    | 1 |  1.3
Poison Magic   | 1 |  1.3
Fighting       | |  6.7
Long Blades    | |  6.7
Dodging        | |  6.7

Action                   |  1- 3 |  4- 6 || total
-------------------------+-------+-------++-------
Melee: Long sword        |    92 |   220 ||   312
       Bite              |     9 |    26 ||    35
 Cast: Sandblast         |       |    12 ||    12
  Use: Potion            |       |     4 ||     4
 Stab: Sleeping          |     1 |     5 ||     6
  Eat: Chunk             |       |     6 ||     6
Armor: Steam dragon scal |    19 |    19 ||    38
Dodge: Dodged            |    69 |    98 ||   167
Block: Other             |       |     2 ||     2
       Buckler           |       |    63 ||    63
